 Dungeon Crawl Stone Soup version 0.29-a0-22-gbf593b16ee (webtiles) character file.

Game seed: 8672169022770701588

1682 siradein the Summoner (level 8, -1/61 HPs)
             Began as a Grey Draconian Summoner on Jan 29, 2022.
             Was an Initiate of Sif Muna.
             Succumbed to a kobold brigand's curare-tipped dart
             ... on level 6 of the Dungeon.
             The game lasted 00:20:22 (7353 turns).

siradein the Summoner (Grey Draconian Summoner)     Turns: 7353, Time: 00:20:22

Health: -1/61      AC: 15    Str: 11    XL:     8   Next: 71%
Magic:  13/18      EV: 12    Int: 18    God:    Sif Muna [......]
Gold:   344        SH:  0    Dex: 11    Spells: 8/21 levels left

rFire   . . .      SeeInvis .   m - +0 glaive
rCold   + . .      Faith    .   (shield currently unavailable)
rNeg    . . .      Spirit   .   (armour unavailable)
rPois   .          Reflect  .   (helmet restricted)
rElec   .          Harm     .   c - +0 cloak
rCorr   .          Rampage  .   o - +2 pair of gloves
Will    .....                   (no boots)
Stlth   ++........              (no amulet)
HPRegen 0.20/turn               s - ring of protection from cold
MPRegen 0.16/turn               (no ring)

@: lethally poisoned (-1 -> -18), slowed, very slow
A: AC +11, amphibious, unfitting armour, cold-blooded
a: Renounce Religion


You were on level 6 of the Dungeon.
You worshipped Sif Muna.
Sif Muna was noncommittal.
You visited 2 branches of the dungeon, and saw 7 of its levels.

You collected 344 gold pieces.

Inventory:

Hand Weapons
 m - a +0 glaive (weapon)
Missiles
 h - 9 poisoned darts
Armour
 c - a +0 cloak (worn)
 o - a +2 pair of gloves (worn)
Jewellery
 s - a ring of protection from cold (left hand)
 u - a ring of flight
Wands
 n - a wand of flame (12)
 q - a wand of iceblast (24)
Scrolls
 e - a scroll of magic mapping {unknown}
 f - 2 scrolls of amnesia {unknown}
 g - 2 scrolls of teleportation
 i - a scroll of vulnerability {unknown}
 j - 3 scrolls of fog
 k - 3 scrolls of identify {unknown}
Potions
 a - 4 potions of curing {unknown}
 b - 3 potions of mutation {unknown}
 d - 2 potions of flight {unknown}
 l - a potion of cancellation {unknown}
 p - 3 potions of heal wounds {unknown}
 r - 2 potions of brilliance {unknown}
 t - a potion of haste {unknown}


   Skills:
 + Level 2.1 Fighting
 - Level 1.7 Dodging
 - Level 1.7 Stealth
 + Level 7.0 Spellcasting
 + Level 8.4 Summonings
 + Level 2.1 Invocations
 + Level 1.8 Evocations


You had 8 spell levels left.
You knew the following spells:

 Your Spells              Type           Power      Damage    Failure   Level
a - Summon Small Mammal   Summ           100%       N/A       1%          1
b - Call Imp              Summ           36%        N/A       1%          2
c - Call Canine Familiar  Summ           36%        N/A       1%          3
d - Summon Guardian Gole  Hex/Summ       21%        N/A       5%          3
e - Summon Lightning Spi  Summ/Air       21%        N/A       19%         4

Your spell library contained the following spells:

 Spells                   Type           Power      Damage    Failure   Level
 Sandblast                Erth           12%        2d6       11%         1
 Passwall                 Tmut/Erth      5%         N/A       16%         2
 Gell's Gravitas          Tloc           6%         N/A       32%         3
 Stone Arrow              Conj/Erth      12%        3d7       32%         3
 Teleport Other           Tloc           6%         N/A       32%         3
 Dispersal                Tloc           3%         N/A       100%        6


Dungeon Overview and Level Annotations

Branches:
Dungeon (6/15)             Temple (1/1) D:5

Altars:
Ashenzari
Cheibriados
Dithmenos
Fedhas
Gozag
Hepliaklqana
Nemelex Xobeh
Okawaru
Qazlal
Sif Muna
Trog
Vehumet
Xom

Shops:
D:6 (


Innate Abilities, Weirdness & Mutations

Your dull iron-grey scales are very hard. (AC +11)
You are amphibious.
You cannot fit into any form of body armour.
You are cold-blooded and may be slowed by cold attacks.


Message History

Items here: ( )) †.
The centaur shoots an arrow.
The arrow hits you.
* * * LOW HITPOINT WARNING * * *
The kobold brigand throws a curare-tipped dart.
The curare-tipped dart closely misses you.
Your hound bites the orc warrior.
The kobold brigand closely misses you.
The centaur shoots an arrow.
The arrow completely misses your guardian golem.
The arrow hits the orc warrior.
An orc comes into view. It is wielding a +0 club.
Found 9 stones.
The kobold brigand closely misses you.
The centaur shoots an arrow.
The arrow misses your hound.
The arrow hits your guardian golem but does no damage.
As you read the scroll of teleportation, it crumbles to dust.
You feel strangely unstable. The kobold brigand closely misses you.
The centaur shoots an arrow.
The arrow hits your guardian golem.
Found a robe and 10 gold pieces.
The centaur shoots an arrow.
The arrow hits your guardian golem!
Your hound barely misses the iguana.
You see here a scroll labelled CIKAUCRITY.
Unknown command.
An ice beast comes into view.
Your surroundings seem slightly different.
Found a leather armour.
The kobold brigand throws a curare-tipped dart.
The curare-tipped dart misses you.
Found 21 bolts and a scroll labelled BEPTAO LUIZ.
The centaur unwields a +0 shortbow.
The centaur hits your guardian golem but does no damage.
The centaur kicks your guardian golem but does no damage.
The orc warrior misses you.
Found 23 stones.
The kobold brigand throws a curare-tipped dart.
The curare-tipped dart hits you.
You are lethally poisoned!
You have difficulty breathing.
* * * LOW HITPOINT WARNING * * *
You feel yourself slow down.
You see here 10 gold pieces.
You die...

..................# #....##
#.#...#...#h..#...#?.###
#.##....
#..#...#...#...#.......#
####....
...(#..?#..(#...#.....(#
##.#### ...#...#...#...#......#
#..<...
#...#...#9o.#......#.....##..##
............c........#.....
#....
#...#...#..l#K..#.[...#.##
..#.. #..#...#...#h..#@.....#
#.##. #.#...#...#[..#$........
..# # #. #...#...#Y.o#....#...
... # .#...#...#...#...# . ...
....................
...#...#...#....#..#
...#...#...#..##.## ..(#...#..
#.. # .#...#... ...


You could see an orc warrior, a kobold brigand, a centaur, an orc and a friendly
guardian golem (summoned).

Vanquished Creatures
  A yak (D:6)
  An ice beast (D:5)
  2 centaurs (D:6)
  A bullfrog (D:6)
  A scorpion (D:5)
  A water moccasin zombie (D:4)
  A howler monkey (D:4)
  A centaur zombie (D:4)
  A centaur skeleton (D:4)
  2 orc priests
  A hound (D:4)
  4 orc wizards
  3 hound zombies (D:4)
  A howler monkey zombie (D:4)
  Robin (D:3)
  4 adders
  A white imp (D:5)
  2 ufetubi
  An adder zombie (D:4)
  2 worms
  A dart slug (D:2)
  8 orcs
  5 endoplasms
  2 giant cockroaches
  11 goblins
  7 hobgoblins
  A quokka (D:2)
  4 ball pythons
  2 bats (D:2)
  2 kobolds
75 creatures vanquished.

Vanquished Creatures (collateral kills)
  A steam dragon (D:5)
  An ogre (D:4)
  A centaur (D:6)
  A phantom (D:5)
  Blork the orc (D:5)
  A water moccasin skeleton (D:5)
  A jelly (D:5)
  A centaur skeleton (D:6)
  An iguana (D:6)
  A scorpion zombie (D:4)
  A hound zombie (D:4)
  A hound skeleton (D:3)
  2 adders (D:2)
  A white imp (D:6)
  An adder skeleton (D:3)
  An adder zombie (D:4)
  A worm (D:2)
  A dart slug (D:1)
  3 orcs (D:2)
  5 endoplasms (D:2)
  A giant cockroach (D:2)
  7 goblins
  2 hobgoblins (D:2)
  A quokka (D:2)
  A ball python (D:3)
  2 frilled lizards
  A kobold (D:2)
  2 rats (D:2)
44 creatures vanquished.

Vanquished Creatures (others)
  2 fungi (D:2)
  A withered plant (D:4)
3 creatures vanquished.

Grand Total: 122 creatures vanquished

Notes
Turn   | Place    | Note
-------+----------+-------------------------------------------
     0 | D:1      | siradein the Draconian Summoner began the quest for the
                  | Orb.
     0 | D:1      | Reached XP level 1. HP: 14/14 MP: 3/3
    12 | D:1      | You fall into a shaft and drop 1 floor!
    12 | D:2      | Found a faded altar of an unknown god.
   424 | D:2      | Reached XP level 2. HP: 20/20 MP: 1/5
   589 | D:1      | Learned a level 2 spell: Call Imp
  1219 | D:2      | Reached XP level 3. HP: 20/26 MP: 5/7
  1223 | D:2      | Learned a level 3 spell: Call Canine Familiar
  1948 | D:2      | Reached XP level 4. HP: 28/33 MP: 5/8
  2324 | D:3      | Learned a level 3 spell: Summon Guardian Golem
  2440 | D:2      | Reached skill level 5 in Summonings
  2979 | D:3      | Noticed Robin
  3174 | D:3      | Reached XP level 5. HP: 29/38 MP: 5/10
  4174 | D:3      | Killed Robin
  4396 | D:3      | Found an opulent altar of Gozag.
  4396 | D:3      | Found a sparkling altar of Nemelex Xobeh.
  4551 | D:4      | Reached XP level 6. HP: 34/45 MP: 10/12
  4560 | D:4      | Reached skill level 6 in Summonings
  4821 | D:4      | Reached skill level 5 in Spellcasting
  5121 | D:4      | Your scales start taking on a dull iron-grey colour.
  5121 | D:4      | Reached XP level 7. HP: 36/50 MP: 14/14
  5147 | D:4      | Learned a level 4 spell: Summon Lightning Spire
  5442 | D:4      | Reached skill level 7 in Summonings
  5685 | D:5      | Entered Level 5 of the Dungeon
  6360 | D:5      | Found a staircase to the Ecumenical Temple.
  6366 | Temple   | Entered the Ecumenical Temple
  6593 | Temple   | Became a worshipper of Sif Muna the Loreminder
  6697 | D:5      | Noticed Blork the orc
  6697 | D:5      | Noticed a steam dragon
  6734 | D:5      | Killed a steam dragon
  6735 | D:5      | Reached XP level 8. HP: 42/57 MP: 2/17
  6746 | D:5      | Killed Blork the orc
  6747 | D:5      | Reached skill level 8 in Summonings
  7098 | D:6      | Found Ximucuatz's Antique Weapon Shop.
  7234 | D:6      | Found a snail-covered altar of Cheibriados.
  7234 | D:6      | Found an iron altar of Okawaru.
  7320 | D:6      | Reached skill level 1 in Fighting
  7320 | D:6      | Reached skill level 1 in Invocations
  7320 | D:6      | Reached skill level 1 in Evocations
  7353 | D:6      | Succumbed to a kobold brigand's curare-tipped dart

Illustrated notes

Levels and vault maps discovered:
D:1:      dpeg_arrival_more_subterranean_lakeside_camping, layout_rooms
D:2:      layout_basic, dreamdust_ecumenical_altar_hidden_monk_grotto
D:3:      layout_rooms, grunt_temple_overflow_opulence, uniq_robin
D:4:      layout_loops_ring, serial_undead, serial_undead_a, serial_undead_a,
          serial_undead_d, serial_undead_b, serial_undead_c, serial_undead_a,
          st_stairs_14
D:5:      layout_loops_ring, minmay_temple_entry_hall, uniq_blork_the_orc
D:6:      cheibrodos_fzero, layout_cave_pools,
          nicolae_overflow_hallway_of_the_gods, serial_shops, shop, nrook_uturn,
          nicolae_shop_sticking_my_neck_out, uniq_crazy_yiuf_cottage
Temple:   compressed_dpeg_triangle_lava_temple

Skill      XL: |  1  2  3  4  5  6  7  8 |
---------------+-------------------------+-----
Spellcasting   | 3 4 5 6 7 |  7.0
Summonings     | 5 6 7 8 |  8.4
Fighting       | 2 |  2.1
Invocations    | 2 |  2.1
Evocations     | 1 |  1.8
Dodging        | |  1.7
Stealth        | |  1.7

Action                   |  1- 3 |  4- 6 |  7- 9 || total
-------------------------+-------+-------+-------++-------
Melee: Unarmed           |    25 |       |       ||    25
       Tailslap          |    14 |    23 |    10 ||    47
       Short sword       |    68 |    39 |       ||   107
       Punch             |     2 |     2 |       ||     4
       Hand axe          |       |   127 |    27 ||   154
       Quarterstaff      |       |       |    52 ||    52
       Glaive            |       |       |    35 ||    35
 Cast: Summon Small Mamm |    14 |     1 |       ||    15
       Call Imp          |     8 |    38 |    15 ||    61
       Call Canine Famil |       |       |     7 ||     7
       Summon Guardian G |       |       |     3 ||     3
  Use: Scroll            |       |     2 |     1 ||     3
 Stab: Sleeping          |     3 |     1 |     2 ||     6
       Distracted        |     1 |       |     2 ||     3
Armor: Skin              |    36 |   143 |    92 ||   271
Dodge: Dodged            |    45 |   155 |   106 ||   306

Table legend: (Time is in decaauts)
 A = Elapsed time spent in this place.
 B = Non-inter-level travel time spent in this place.
 C = Inter-level travel time spent in this place.
 D = Time resting spent in this place.
 E = Time spent auto-exploring this place.
 F = Levels seen in this place.
 G = Mean time per level.
                   A        B        C        D        E       F      G
               +--------+--------+--------+--------+--------+-----+--------+
         Total |   7475 |   7249 |    226 |    983 |   4420 |   7 | 1067.9 |
       Dungeon |   7236 |   7010 |    226 |    983 |   4214 |   6 | 1206.0 |
        Temple |    238 |    238 |      0 |      0 |    206 |   1 |  238.0 |
               +--------+--------+--------+--------+--------+-----+--------+

Top non-repeatable levels by time:
     D:2: 2841 daAuts
     D:4: 1266 daAuts
     D:5: 1153 daAuts
     D:3: 863 daAuts
     D:1: 796 daAuts
     D:6: 316 daAuts
  Temple: 238 daAuts
